 Dungeon Crawl Stone Soup version 0.27.0-1-g7a089689b8 (webtiles) character file.

Game seed: 15422262064643526279

42 Naeght the Chopper (level 3, 0/49 HPs)
             Began as a Hill Orc Monk on Aug 14, 2021.
             Slain by an orc priest (7 damage)
             ... on level 3 of the Dungeon.
             The game lasted 00:03:50 (2341 turns).

Naeght the Chopper (Hill Orc Monk)                  Turns: 2341, Time: 00:03:51

Health: 0/49       AC: 21    Str: 14    XL:     3   Next: 56%
Magic:  3/3        EV:  2    Int: 10    God:
Gold:   95         SH:  0    Dex: 13    Spells: 2/2 levels left

rFire    . . .     SeeInvis .   a - +0 hand axe
rCold    . . .     Faith    .   (no shield)
rNeg     + + +     Spirit   .   (armour currently unavailable)
rPois    +         Reflect  .   (helmet currently unavailable)
rElec    .         Harm     .   (cloak currently unavailable)
rCorr    .         Rampage  .   (gloves currently unavailable)
Will     .....     NoTele   +   (boots currently unavailable)
Stlth    ++........             (no amulet)
HPRegen  0.16/turn              (no ring)
MPRegen  0.08/turn              (no ring)

@: tree-form
A: stationary, stasis, torment immunity, boosted hp, (antennae 1)
a: Convert to Beogh


You were on level 3 of the Dungeon.
You were a tree.
You visited 1 branch of the dungeon, and saw 3 of its levels.

You collected 95 gold pieces.

Inventory:

Hand Weapons
 a - a +0 hand axe (weapon)
Armour
 b - a +0 robe
 c - +0 storm dragon scales (melded)
Scrolls
 d - 2 scrolls of enchant armour {unknown}
 f - 2 scrolls of fog {unknown}
 g - a scroll of enchant weapon
 i - a scroll of teleportation {unknown}


   Skills:
 + Level 4.0 Fighting
 * Level 4.7 Axes
 * Level 2.0 Armour
 - Level 2.5 Dodging
 - Level 1.5 Stealth


You had 2 spell levels left.
You didn't know any spells.
Your spell library was empty.

Dungeon Overview and Level Annotations

Branches:
Dungeon (3/15)

Altars:
Dithmenos


Innate Abilities, Weirdness & Mutations

You are a tree.
Your roots penetrate the ground, keeping you stationary.
You cannot be teleported.
You are immune to unholy pain and torment.
Your maximum health is greatly increased.
Your equipment is partially melded.
((You have a pair of small antennae on your head.))


Message History

You miss the orc priest.
You feel less confused.
The orc priest shouts, "Beogh is our master!
Accept the truth or die!"
The orc priest hits you but does no damage.
The orc wizard gestures at you while chanting.
The magic dart hits you.
* * * LOW HITPOINT WARNING * * *
You hit the orc wizard but do no damage.
The orc wizard is moderately wounded.
You completely miss the orc priest.
The orc priest calls upon Beogh to heal the orc wizard.
The orc wizard's wounds heal themselves!
The orc wizard gestures at you while chanting.
The puff of flame hits you but does no damage.
Okay, then.
You cannot move.
Nothing quivered!
You bow before the missionary of Beogh.
There are monsters nearby!
There are monsters nearby!
You are too injured to fight recklessly!
You bow before the missionary of Beogh.
It was a potion of mutation.
You feel extremely strange. A pair of antennae grows on your head!
The orc priest hits you but does no damage.
The orc wizard hits you but does no damage.
Okay, then.
It was a potion of flight.
Your roots keep you in place.
The orc priest hits you but does no damage.
The orc wizard hits you but does no damage.
As you read the scroll labelled HUAS HYONOMUD, it crumbles to dust.
It is a scroll of identify.
g - a scroll of enchant weapon The orc priest hits you but does no damage.
The orc wizard hits you but does no damage.
You hit the orc wizard.
The orc wizard is lightly wounded.
You hit the orc priest.
The orc priest hits you with a +0 flail!
You die...

####...................######.###
#...........####.#######........#
#....#............# #.####.#.#
#.._.#[.##........######.#....#.#
#....#..##.............#.#.####.#
#.####..##........##.###.#.# #.#
........##...###.###.# #.#.# #.#
........##...###.###.###.#.# #.#
...#######.....o♣#<......#.# #.#
#..#######...###o#.......#.####..
................o............>###
#...........#####........†#####
#####......... #...[..#..#
#(#######. #.........# #.#
#.........# #.........#
#..#####..#


You could see an orc priest, an orc wizard and an orc.

Vanquished Creatures
  A dart slug (D:1)
  An orc (D:3)
  4 ball pythons
  4 bats
  4 endoplasms
  4 giant cockroaches
  4 goblins
  3 hobgoblins
  3 kobolds
  2 quokkas (D:1)
  3 frilled lizards
  2 rats
35 creatures vanquished.

Notes
Turn   | Place    | Note
-------+----------+-------------------------------------------
     0 | D:1      | Naeght the Hill Orc Monk began the quest for the Orb.
     0 | D:1      | Reached XP level 1. HP: 19/19 MP: 1/1
   200 | D:1      | Reached XP level 2. HP: 24/27 MP: 2/2
   298 | D:1      | Reached skill level 1 in Armour
   423 | D:1      | Found a faded altar of an unknown god.
   976 | D:1      | Reached XP level 3. HP: 33/33 MP: 3/3
  2233 | D:3      | Found a shadowy altar of Dithmenos.
  2338 | D:3      | Gained mutation: You have a pair of small antennae on your
                  | head. [potion of mutation]
  2341 | D:3      | Slain by an orc priest

Illustrated notes

Levels and vault maps discovered:
D:1:      doesnt_arrival_eight_statues, layout_loops_corners,
          hellmonk_ecumenical_altar_lost_god
D:2:      layout_basic
D:3:      layout_basic, mainiacjoe_overflow_chevrons, nrook_mini_vaults

Skill      XL: |  1  2  3 |
---------------+----------+-----
Armour         | 1 2 |  2.0
Fighting       | 4 |  4.0
Axes           | |  4.7
Dodging        | |  2.5
Stealth        | |  1.5

Action                   || total
-------------------------++-------
Melee: Hand axe          ||   113
  Use: Potion            ||     3
       Scroll            ||     1
Armor: Robe              ||     6
       Storm dragon scal ||    56
       Skin              ||     9
Dodge: Dodged            ||    46
